 Dungeon Crawl Stone Soup version 0.26-a0-1205-g4083c211ab (webtiles) character file.

Game seed: 4784287267201575619

91 sokol815 the Slasher (level 4, 0/29 HPs)
             Began as an Octopode Gladiator on Dec 29, 2020.
             Was an Initiate of Vehumet.
             Slain by an orc
             ... wielding a +0 short sword
              (6 damage)
             ... on level 4 of the Dungeon.
             The game lasted 00:05:04 (2673 turns).

sokol815 the Slasher (Octopode Gladiator)           Turns: 2673, Time: 00:05:04

Health: 0/29       AC:  1    Str: 13    XL:     4   Next: 57%
Magic:  4/4        EV: 14    Int: 11    God:    Vehumet [......]
Gold:   104        SH:  0    Dex: 13    Spells: 3/3 levels left

rFire    . . .     SeeInvis .   a - +0 long sword
rCold    . . .     Faith    .   (no shield)
rNeg     . . .     Spirit   .   b - +0 hat
rPois    .         Reflect  .   d - amulet of the acrobat
rElec    .         Harm     .   v - ring of resist corrosion
rCorr    +         Rampage  .   (no ring)
Will     .....                  (no ring)
Stlth    +++.......             (no ring)
HPRegen  0.09/turn              (no ring)
MPRegen  0.09/turn              (no ring)
                                (no ring)
                                (no ring)

@: no status effects
A: almost no armour, stealthy swim, amphibious, 8 rings, constrict 8, camouflage
1, gelatinous body 1
a: Renounce Religion


You were on level 4 of the Dungeon.
You worshipped Vehumet.
Vehumet was noncommittal.
You visited 1 branch of the dungeon, and saw 4 of its levels.

You collected 104 gold pieces.

Inventory:

Hand Weapons
 a - a +0 long sword (weapon)
 c - a +0 hunting sling
   (You took it off a goblin on level 2 of the Dungeon)
 u - a +0 dagger
   (You took it off an orc on level 3 of the Dungeon)
 y - a +1 morningstar of pain
   (You found it on level 4 of the Dungeon)
Missiles
 e - 63 bolts
 j - 2 datura-tipped darts
 k - 82 stones (quivered)
 q - 3 throwing nets {=f, !d}
 r - 9 sling bullets
 w - 5 boomerangs
 z - 15 poisoned darts
Armour
 b - a +0 hat (worn)
Jewellery
 d - an amulet of the acrobat (around mantle)
   (You found it on level 1 of the Dungeon)
 v - a ring of resist corrosion (left tentacle)
   (You found it on level 3 of the Dungeon)
Scrolls
 h - a scroll of identify
 i - 2 scrolls of remove curse
 l - a scroll of magic mapping {unknown}
 m - a scroll of teleportation {unknown}
 o - a scroll of amnesia {unknown}
 s - a scroll of enchant armour {unknown}
Potions
 f - a potion of cancellation {unknown}
 g - a potion of invisibility {unknown}
 n - a potion of heal wounds {unknown}
 p - 2 potions of resistance {unknown}
 t - 3 potions of might
 x - a potion of curing {unknown}


   Skills:
 - Level 2.0 Fighting
 + Level 4.2 Long Blades
 - Level 2.0 Throwing
 - Level 3.0 Dodging
 + Level 4.0 Stealth


You had 3 spell levels left.
You didn't know any spells.
Your spell library was empty.

Dungeon Overview and Level Annotations

Branches:
Dungeon (4/15)
 Temple: D:4-7

Altars:
Cheibriados
Makhleb
Nemelex Xobeh
Ru
Vehumet
Yredelemnul


Innate Abilities, Weirdness & Mutations

You cannot wear most types of armour.
You are very stealthy in the water. (Stealth+)
You are amphibious.
You can wear up to eight rings at the same time.
You can use your tentacles to constrict eight enemies at once.
Your skin changes colour to match your surroundings (Stealth+).
Your rubbery body absorbs attacks. (AC +1, EV +1)


Message History

The bat hits you but does no damage.
Your Stealth skill increases to level 4!
You throw a stone. The stone completely misses the bat.
You miss the bat. Your grab misses the bat. The bat barely misses you.
The bat closely misses you.
You completely miss the bat. You grab the bat. You constrict the bat.
The bat barely misses you.
You riposte.
You barely miss the bat.
The bat struggles to escape constriction.
The bat hits you.
You take 1 damage, and have 28/29 hp.
You hit the bat. You squeeze the bat.
You kill the bat!
Vehumet accepts your kill.
No target in view!
r - 9 sling bullets (gained 1)
k - 82 stones (gained 1);
r - 10 sling bullets (gained 1)
r - 11 sling bullets (gained 1)
Found a stone staircase leading up.
r - 12 sling bullets (gained 1) Health restored: 29
c - a +0 hunting sling (weapon)
r - 13 sling bullets (gained 1)
There is a stone staircase leading up here.
There is a shaft here.
There is a shaft here.
A rat is nearby!
You shoot a sling bullet. The sling bullet barely misses the rat.
You shoot a sling bullet. The sling bullet hits the rat.
You shoot a sling bullet. The sling bullet hits the rat.
You kill the rat!
Vehumet accepts your kill.
No target in view!
No target in view!
No target in view!
r - 11 sling bullets (gained 1)
r - 12 sling bullets (gained 1)
You see here a +0 club.
r - 13 sling bullets (gained 1) Done exploring.
(D) Dungeon
Where to? (Enter - D:3, ? - help)
There is a stone staircase leading down here.
You climb downwards.
There is a stone staircase leading up here.
A phantom comes into view.
You shoot a sling bullet. The sling bullet hits the phantom!
You shoot a sling bullet. The sling bullet misses the phantom.
You shoot a sling bullet. The sling bullet hits the phantom.
A white imp comes into view.
You shoot a sling bullet. The sling bullet misses the phantom.
The white imp shouts, "Scamper away, thou grime-gilt dread-bolted measle!"
The white imp gestures at you. The puff of frost hits you!
You take 13 damage, and have 16/29 hp.
MASSIVE DAMAGE!!
There is a stone staircase leading up here.
You climb upwards.
There is a stone staircase leading down here.
You start resting.
Health restored: 29
There is a stone staircase leading down here.
You climb downwards.
There is a stone staircase leading up here.
Your library has no spells.
Found a stone staircase leading down.
i - 2 scrolls of remove curse (gained 1)
You see here a leather armour.
Found a stone staircase leading up.
Found a runed morningstar.
There is a stone staircase leading up here.
You see here a runed morningstar.
y - a runed morningstar An orc comes into view.
It is wielding a +0 short sword.
You see here 15 poisoned darts.
z - 15 poisoned darts
a - a +0 long sword (weapon)
You barely miss the orc.
The orc shouts!
Your grab misses the orc.
You hear a shout!
The orc closely misses you. The orc hits you with a +0 short sword!
You take 7 damage, and have 22/29 hp.
MASSIVE DAMAGE!!
You hit the orc but do no damage. Your grab misses the orc.
The orc hits you with a +0 short sword.
You take 3 damage, and have 19/29 hp.
You barely miss the orc. You grab the orc. You constrict the orc.
The orc hits you with a +0 short sword.
You take 4 damage, and have 15/29 hp.
You hit the orc but do no damage.
You constrict the orc, but do no damage.
The orc misses you.
You hit the orc but do no damage.
You constrict the orc, but do no damage.
The orc hits you with a +0 short sword.
You take 3 damage, and have 12/29 hp.
You hit the orc. You constrict the orc. The orc hits you with a +0 short sword.
* * * LOW HITPOINT WARNING * * *
The orc hits you with a +0 short sword.
You die...

## #. #.### # #... .#
#.#.o# .#
#.#.@#####.#
#.#..........##
#..............
######<####.### #.#
#.# #.# #<# #.# #.#
.######.# #.########
........####.........


You could see an orc.

Vanquished Creatures
  3 adders
  An ooze (D:3)
  4 dart slugs
  A leopard gecko (D:2)
  4 orcs (D:3)
  8 bats
  A giant cockroach (D:1)
  10 goblins
  6 hobgoblins
  2 kobolds
  2 frilled lizards (D:1)
  3 rats
45 creatures vanquished.

Notes
Turn   | Place    | Note
-------+----------+-------------------------------------------
     0 | D:1      | sokol815 the Octopode Gladiator began the quest for the
                  | Orb.
     0 | D:1      | Reached XP level 1. HP: 14/14 MP: 1/1
    48 | D:1      | Reached skill level 1 in Stealth
    66 | D:1      | Reached XP level 2. HP: 18/19 MP: 2/2
   157 | D:1      | You fall into a shaft and drop 1 floor!
   208 | D:2      | Found a sacrificial altar of Ru.
   260 | D:2      | Reached skill level 2 in Stealth
   288 | D:1      | Reached XP level 3. HP: 21/24 MP: 3/3
  1051 | D:2      | Reached skill level 3 in Stealth
  1828 | D:2      | Found a basalt altar of Yredelemnul.
  1828 | D:2      | Found a sparkling altar of Nemelex Xobeh.
  1830 | D:2      | Found a radiant altar of Vehumet.
  1831 | D:2      | Found a snail-covered altar of Cheibriados.
  1833 | D:2      | Found a burning altar of Makhleb.
  1841 | D:2      | Became a worshipper of Vehumet
  1898 | D:3      | Reached skill level 4 in Long Blades
  1913 | D:3      | Reached XP level 4. HP: 29/29 MP: 4/4
  2376 | D:3      | Reached skill level 4 in Stealth
  2492 | D:4      | Noticed a phantom
  2673 | D:4      | HP: 6/29 [orc/+0 short sword (6)]
  2673 | D:4      | Slain by an orc

Illustrated notes

Levels and vault maps discovered:
D:1:      lightli_arrival_flooded_house, layout_basic
D:2:      layout_basic, minitemple, lemuel_crystal_altar, minmay_fountain_box
D:3:      layout_rooms
D:4:      layout_loops_ring, serial_shops, nicolae_shop_statue_plus,
          minmay_fractal_squares_diagonal_5, uniq_grinder

Skill      XL: |  1  2  3  4 |
---------------+-------------+-----
Stealth        | 1 2 3 4 |  4.0
Long Blades    | 4 |  4.2
Fighting       | |  2.0
Throwing       | |  2.0
Dodging        | |  3.0

Action                   |  1- 3 |  4- 6 || total
-------------------------+-------+-------++-------
Melee: Long sword        |    32 |    18 ||    50
       Constrict         |    12 |     6 ||    18
       Tentacles         |     8 |     6 ||    14
 Fire: Hunting sling     |    13 |    33 ||    46
Throw: Stone             |    31 |     1 ||    32
  Use: Scroll            |       |     2 ||     2
 Stab: Sleeping          |     1 |       ||     1
Armor: Skin              |     2 |     1 ||     3
Dodge: Dodged            |    22 |    17 ||    39
       Rpst.: Long sword |     4 |     4 ||     8

Table legend: (Time is in decaauts)
 A = Elapsed time spent in this place.
 B = Non-inter-level travel time spent in this place.
 C = Inter-level travel time spent in this place.
 D = Time resting spent in this place.
 E = Time spent auto-exploring this place.
 F = Levels seen in this place.
 G = Mean time per level.
                   A        B        C        D        E       F      G
               +--------+--------+--------+--------+--------+-----+--------+
         Total |   2682 |   2603 |     79 |    341 |   1889 |   4 |  670.5 |
       Dungeon |   2682 |   2603 |     79 |    341 |   1889 |   4 |  670.5 |
               +--------+--------+--------+--------+--------+-----+--------+

Top non-repeatable levels by time:
     D:2: 1083 daAuts
     D:1: 795 daAuts
     D:3: 750 daAuts
     D:4: 52 daAuts

Table legend:
 A = Kills in this place as a percentage of kills in entire the game.
 B = Kills by you in this place as a percentage of kills by you in the entire game.
 C = Kills by friends in this place as a percentage of kills by friends in the entire game.
 D = Other kills in this place as a percentage of other kills in the entire game.
 E = Experience gained in this place as a percentage of experience gained in the entire game.
 F = Experience gained in this place divided by the number of levels of this place that you have seen.
                   A       B       C       D       E      F
               +-------+-------+-------+-------+-------+----------------------
         Total | 100.0 | 100.0 |   N/A |   N/A | 100.0 |  32.5
       Dungeon | 100.0 | 100.0 |   N/A |   N/A | 100.0 |  32.5
               +-------+-------+-------+-------+-------+----------------------
